 Dungeon Crawl Stone Soup version 0.30-a0-365-ge7f957f1db (webtiles) character file.

Game seed: 9370464251513241149

84 funkygono the Firebug (level 4, -3/31 HPs)
             Began as a Demonspawn Fire Elementalist on Nov 17, 2022.
             Slain by a goblin
             ... wielding a +0 club
             ... led by Robin
              (5 damage)
             ... on level 3 of the Dungeon.
             The game lasted 00:04:05 (2292 turns).

funkygono the Firebug (DsFE)                        Turns: 2292, Time: 00:04:06

Health: -3/31      AC: 11    Str:  8    XL:     4   Next: 23%
Magic:  1/17       EV: 12    Int: 19    God:
Gold:   166        SH:  0    Dex: 13    Spells: 2/8 levels left

rFire   . . .      SeeInvis .    e - +0 whip
rCold   . . .      Faith    .    (no shield)
rNeg    . . .      Spirit   .    a - +0 robe
rPois   .          Reflect  .    (no helmet)
rElec   .          Harm     .    (no cloak)
rCorr   .          Rampage  .    c - +1 pair of gloves
Will    .....                    k - +0 pair of boots
Stlth   ++........               (no amulet)
HPRegen 0.25/turn                g - ring of magical power
MPRegen 0.15/turn                (no ring)

@: sanguine armoured, on berserk cooldown, slowed, very slow
A: sanguine armour 1, demonic magic 1
a: no special abilities


You were on level 3 of the Dungeon.
You visited 1 branch of the dungeon, and saw 3 of its levels.

You collected 166 gold pieces.

Inventory:

Hand Weapons
 e - a +0 whip (weapon)
Armour
 a - a +0 robe (worn)
 c - a +1 pair of gloves (worn)
 k - a +0 pair of boots (worn)
Jewellery
 g - a ring of magical power (left hand)
 m - a +6 ring of strength
 o - a ring of protection from fire
Potions
 b - a potion of magic
 d - 2 potions of haste
 h - 2 potions of might


   Skills:
 + Level 0.3 Fighting
 + Level 2.4 Dodging
 - Level 1.7 Stealth
 + Level 2.8 Spellcasting
 + Level 1.8 Conjurations
 + Level 3.3 Fire Magic


You had 2 spell levels left.
You knew the following spells:

 Your Spells              Type           Power      Damage    Failure   Level
a - Foxfire               Conj/Fire      48%        2x1d6     5%          1
b - Scorch                Fire           30%        2d6       6%          2
c - Kindle Blastsparks    Fire/Tloc/Air  12%        2d11      30%         3

Your spell library contained the following spells:

 Spells                   Type           Power      Damage    Failure   Level
 Magic Dart               Conj           36%        1d4       8%          1
 Apportation              Tloc           4%         N/A       16%         1
 Necrotise                Necr           8%         1d4       16%         1
 Summon Small Mammal      Summ           8%         N/A       16%         1
 Call Imp                 Summ           2%         N/A       24%         2
 Inner Flame              Hex/Fire       9%         N/A       24%         3
 Mephitic Cloud           Conj/Pois/Air  4%         N/A       36%         3
 Flame Wave               Conj/Fire      12%        2d6       47%         4


Dungeon Overview and Level Annotations

Branches:
Dungeon (3/15)

Altars:
Xom

Annotations:
D:3 Robin


Innate Abilities, Weirdness & Mutations

When seriously injured, your blood forms armour. (AC +6)
Spells you cast may paralyse adjacent enemies.


Message History

The goblin misses you.
Casting: Scorch (safe; 6% risk of failure)
Confirm with . or Enter, or press ? or * to list all spells.
Flames lash the goblin.
You kill the goblin!
Malevolent energies surge around you.
The goblin no longer looks unusually strong. x2
An adder comes into view.
The goblin hits you with a +0 club.
* * * LOW HITPOINT WARNING * * *
Casting: Scorch (safe; 6% risk of failure)
Confirm with . or Enter, or press ? or * to list all spells.
Flames lash the goblin.
You kill the goblin!
Malevolent energies surge around you. The goblin barely misses you.
The goblin hits you but does no damage.
Unknown command.
You see here a +0 club.
Robin throws the goblin at you! The goblin closely misses you.
The goblin hits you but does no damage. x2
You hit the goblin.
The goblin is almost dead.
Robin roars a battlecry!
The goblins go into a battle-frenzy!
The goblin barely misses you. The goblin hits you with a +0 club.
* * * LOW HITPOINT WARNING * * *
Casting: Scorch (safe; 6% risk of failure)
Confirm with . or Enter, or press ? or * to list all spells.
There is not enough space to conjure foxfire!
Unknown command.
Casting: Foxfire (safe; 5% risk of failure)
Confirm with . or Enter, or press ? or * to list all spells.
You don't have enough magic to cast this spell.
Unknown command.
You hit the goblin.
You kill the goblin!
The goblin hits you with a +0 club.
* * * LOW HITPOINT WARNING * * *
The goblin hits you with a +0 club.
You die...

. ##. #### .#
?...... .# ##.#...
.# ... . ####.#
..#.#
#.#..#####.#.#.# #
#g#..)@ggg.....# ##
#.###g#..#####.#.###
.gg.#.#.)†...# #.#
#......).)#.######g#
#######.###.gg.g...#
#.# ########## #.#
#.# #.#


You could see Robin and 2 goblins.

Vanquished Creatures
  2 adders (D:2)
  A worm (D:2)
  A dart slug (D:1)
  8 bats
  An endoplasm (D:1)
  4 giant cockroaches
  9 goblins
  3 hobgoblins (D:3)
  4 jackals (D:1)
  3 quokkas
  5 ball pythons
  4 frilled lizards
  9 kobolds
  3 rats
57 creatures vanquished.

Vanquished Creatures (others)
  121 foxfires
121 creatures vanquished.

Grand Total: 178 creatures vanquished

Notes
Turn   | Place    | Note
-------+----------+-------------------------------------------
     0 | D:1      | funkygono the Demonspawn Fire Elementalist began the quest
                  | for the Orb.
     0 | D:1      | Reached XP level 1. HP: 13/13 MP: 3/3
   227 | D:1      | Gained mutation: Spells you cast may paralyse adjacent
                  | enemies. [demonic ancestry]
   227 | D:1      | Reached XP level 2. HP: 19/19 MP: 3/5
   230 | D:1      | Learned a level 2 spell: Scorch
   358 | D:1      | Reached skill level 3 in Fire Magic
   767 | D:1      | Reached XP level 3. HP: 24/24 MP: 0/6
   771 | D:1      | Learned a level 3 spell: Kindle Blastsparks
  1844 | D:2      | Found a shimmering altar of Xom.
  1909 | D:2      | Gained mutation: When seriously injured, your blood forms
                  | armour. (AC +6) [demonic ancestry]
  1909 | D:2      | Reached XP level 4. HP: 30/30 MP: 8/8
  2244 | D:3      | Noticed Robin
  2292 | D:3      | Slain by a goblin

Illustrated notes

Levels and vault maps discovered:
D:1:      minmay_arrival_radiant_lines, layout_loops_ring
D:2:      layout_basic, basic_altar
D:3:      cheibrodos_thug_alley, layout_basic, mainiacjoe_overflow_paths,
          mainiacjoe_overflow_big_doors, ebering_ghost_disaster_area,
          minmay_misc_feat_encased, uniq_sigmund, uniq_robin

Skill      XL: |  1  2 |
---------------+-------+-----
Dodging        | 2 |  2.4
Fire Magic     | 3 |  3.3
Fighting       | |  0.3
Stealth        | |  1.7
Spellcasting   | |  2.8
Conjurations   | |  1.8

Action                   |  1- 3 |  4- 6 || total
-------------------------+-------+-------++-------
Melee: Whip              |     6 |    12 ||    18
       Punch             |       |     1 ||     1
 Cast: Foxfire           |    68 |     2 ||    70
       Scorch            |       |    11 ||    11
  Use: Scroll            |     7 |     1 ||     8
       Potion            |       |     5 ||     5
 Stab: Paralysed         |     2 |     5 ||     7
Armor: Robe              |    13 |    29 ||    42
Dodge: Dodged            |    28 |    36 ||    64

Table legend: (Time is in decaauts)
 A = Elapsed time spent in this place.
 B = Non-inter-level travel time spent in this place.
 C = Inter-level travel time spent in this place.
 D = Time resting spent in this place.
 E = Time spent auto-exploring this place.
 F = Levels seen in this place.
 G = Mean time per level.
                   A        B        C        D        E       F      G
               +--------+--------+--------+--------+--------+-----+--------+
         Total |   2296 |   2241 |     55 |    100 |   1735 |   3 |  765.3 |
       Dungeon |   2296 |   2241 |     55 |    100 |   1735 |   3 |  765.3 |
               +--------+--------+--------+--------+--------+-----+--------+

Top non-repeatable levels by time:
     D:1: 1248 daAuts
     D:2: 956 daAuts
     D:3: 92 daAuts
